 Dungeon Crawl Stone Soup version 0.26-a0-611-g354ed81502 (webtiles) character file.

Game seed: 680979832998820426

274 MrRokkomies the Digger (level 6, -2/36 HPs)
             Began as an Octopode Earth Elementalist on Sept 5, 2020.
             Was a Priest of Jiyva.
             Slain by a sky beast (6 damage)
             ... on level 5 of the Dungeon.
             The game lasted 00:07:46 (4242 turns).

MrRokkomies the Digger (OpEE)                       Turns: 4242, Time: 00:07:46

Health: -2/36      AC:  1    Str:  8    XL:     6   Next: 24%
Magic:  2/10       EV: 15    Int: 18    God:    Jiyva [***...]
Gold:   118        SH:  0    Dex: 13    Spells: 3/10 levels left

rFire    . . .     SeeInvis .   p - +0 rapier
rCold    . . .     Faith    .   (no shield)
rNeg     . . .     Spirit   .   (helmet restricted)
rPois    .         Reflect  .   (no amulet)
rElec    .         Harm     .   (no ring)
rCorr    +                      (no ring)
MR       .....                  (no ring)
Stlth    ++++......             (no ring)
HPRegen  0.12/turn              (no ring)
MPRegen  0.12/turn              (no ring)
                                (no ring)
                                (no ring)

@: brilliant
A: almost no armour, stealthy swim, amphibious, 8 rings, constrict 8, camouflage
1, gelatinous body 1
a: Request Jelly, Renounce Religion


You were on level 5 of the Dungeon.
You worshipped Jiyva.
Jiyva was most pleased with you.
You visited 1 branch of the dungeon, and saw 5 of its levels.

You collected 118 gold pieces.

Inventory:

Hand Weapons
 g - a +0 dagger
 p - a +0 rapier (weapon)
Missiles
 b - 68 stones (quivered)
 l - 8 boomerangs
Magical Staves
 r - an uncursed staff of poison
Scrolls
 c - 2 scrolls of teleportation {unknown}
 f - 2 scrolls of remove curse
 i - 2 scrolls of magic mapping {unknown}
 j - a scroll of amnesia {unknown}
 k - a scroll of fear {unknown}
 m - a scroll of immolation
 n - a scroll of enchant armour {unknown}
Potions
 a - a potion of brilliance
 d - a potion of curing {unknown}
 e - a potion of lignification {unknown}
 h - a potion of degeneration {unknown}
 o - 2 potions of flight {unknown}
 q - a potion of magic {unknown}
 s - a potion of heal wounds {unknown}


   Skills:
 * Level 3.9 Dodging
 + Level 4.4 Stealth
 + Level 2.9 Spellcasting
 - Level 1.0 Transmutations
 * Level 4.6 Earth Magic


You had 3 spell levels left.
You knew the following spells:

 Your Spells              Type           Power        Failure   Level
a - Sandblast             Erth           ####..       2%          1
b - Passwall              Tmut/Erth      ###.....     8%          2
c - Petrify               Tmut/Erth      ###.....     45%         4

Your spell library contained the following spells:

 Spells                   Type           Power        Failure   Level
 Stone Arrow              Conj/Erth      ###...       19%         3
 Lee's Rapid Deconstruct  Erth           ####......   56%         5


Dungeon Overview and Level Annotations

Branches:
Dungeon (5/15)
 Temple: D:4-7

Altars:
Jiyva

Shops:
D:4 [


Innate Abilities, Weirdness & Mutations

You cannot wear most types of armour.
You are very stealthy in the water. (Stealth+)
You are amphibious.
You can wear up to eight rings at the same time.
You can use your tentacles to constrict eight enemies at once.
Your skin changes colour to match your surroundings (Stealth+).
Your rubbery body absorbs attacks. (AC +1, EV +1)


Message History

Something shocks you.
You closely miss something. Something barely misses you.
You miss something. You squeeze something. Something hits you.
Something shocks you.
* * * LOW HITPOINT WARNING * * *
A sky beast appears from thin air!
Reactivating autopickup.
The sky beast flickers out of sight!
Deactivating autopickup; reactivate with Ctrl-A.
Okay, then.
Unknown command.
Okay, then.
Unknown command.
Unknown command.
It was a potion of brilliance.
You feel clever all of a sudden. Something hits you.
* * * LOW HITPOINT WARNING * * *
Something shocks you.
You die...

#. .........
####. #[......#
##....# #.......#
.......
###.....>.#
#..... .........#
#....
####.......#
#...##..........#
#..@{..........#
#.###.###.###.##
# #.# #.#
#.###.###.#
#.........#
#####.#####
#.#.##
###....#######
+.............


There were no monsters in sight!

Vanquished Creatures
  A phantom (D:5)
  A howler monkey (D:4)
  A worker ant (D:4)
  5 adders
  An ooze (D:1)
  2 worms (D:2)
  A dart slug (D:1)
  3 leopard geckos
  An orc (D:4)
  2 ball pythons
  7 giant cockroaches
  8 goblins
  2 hobgoblins
  2 jackals (D:2)
  6 quokkas
  4 bats
  8 frilled lizards
  6 kobolds
  6 rats
67 creatures vanquished.

Vanquished Creatures (others)
  Edmund (D:4)
  An ogre (D:4)
  6 jellies (D:4)
  A hound (D:4)
  An orc wizard (D:4)
  A worker ant (D:4)
  An adder (D:4)
  An adder skeleton (D:4)
  5 orcs (D:4)
  A frilled lizard (D:4)
  5 plants (D:2)
24 creatures vanquished.

Grand Total: 91 creatures vanquished

Notes
Turn   | Place    | Note
-------+----------+-------------------------------------------
     0 | D:1      | MrRokkomies the Octopode Earth Elementalist began the quest
                  | for the Orb.
     0 | D:1      | Reached XP level 1. HP: 11/11 MP: 3/3
   459 | D:1      | Reached XP level 2. HP: 17/17 MP: 5/5
   758 | D:1      | Reached XP level 3. HP: 21/21 MP: 6/6
  1724 | D:2      | Reached XP level 4. HP: 26/27 MP: 7/7
  2544 | D:2      | Found a faded altar of an unknown god.
  2563 | D:2      | Became a worshipper of Jiyva Joerhus the Shapeless
  2563 | D:2      | Reached * piety under Jiyva
  2799 | D:3      | Reached XP level 5. HP: 31/31 MP: 8/8
  3478 | D:4      | Reached ** piety under Jiyva
  3512 | D:4      | Killed an ogre
  3896 | D:4      | Killed Edmund
  3898 | D:4      | Reached *** piety under Jiyva
  3936 | D:4      | Learned a level 2 spell: Passwall
  3941 | D:4      | Learned a level 4 spell: Petrify
  4004 | D:4      | Found Naog Xue's Antique Armour Boutique.
  4175 | D:5      | Entered Level 5 of the Dungeon
  4201 | D:5      | Noticed a sky beast
  4202 | D:5      | Noticed a phantom
  4228 | D:5      | Killed a phantom
  4228 | D:5      | Reached XP level 6. HP: 25/36 MP: 0/10
  4242 | D:5      | Slain by a sky beast

Illustrated notes

Levels and vault maps discovered:
D:1:      sevenhm_arrival_forest_fort_large_3, layout_basic
D:2:      cheibrodos_old_hovel, layout_loops_cross,
          chequers_ecumenical_altar_simple_redux
D:3:      layout_basic
D:4:      layout_rooms, nicolae_overflow_hidden_temple, serial_shops,
          nicolae_shop_statue_plus, uniq_edmund
D:5:      layout_loops_corners, old_standard_altar, minmay_temple_entry_hall,
          serial_shops, shop, ebering_ghost_disaster_area

Skill      XL: |  1  2  3  4  5 |
---------------+----------------+-----
Stealth        | 3 4 |  4.4
Dodging        | 3 |  3.9
Earth Magic    | 4 |  4.6
Spellcasting   | |  2.9
Transmutations | |  1.0

Action                   |  1- 3 |  4- 6 || total
-------------------------+-------+-------++-------
Melee: Unarmed           |    21 |       ||    21
       Constrict         |    15 |    19 ||    34
       Tentacles         |    10 |    15 ||    25
       Dagger            |    39 |    63 ||   102
       Spear             |    12 |       ||    12
       Rapier            |       |    25 ||    25
 Cast: Sandblast         |     8 |    16 ||    24
  Use: Scroll            |     5 |       ||     5
       Potion            |       |     1 ||     1
 Stab: Sleeping          |    14 |    16 ||    30
Armor: Skin              |    11 |     3 ||    14
Dodge: Dodged            |    50 |    43 ||    93

Table legend: (Time is in decaauts)
 A = Elapsed time spent in this place.
 B = Non-inter-level travel time spent in this place.
 C = Inter-level travel time spent in this place.
 D = Time resting spent in this place.
 E = Time spent auto-exploring this place.
 F = Levels seen in this place.
 G = Mean time per level.
                   A        B        C        D        E       F      G
               +--------+--------+--------+--------+--------+-----+--------+
         Total |   4244 |   4121 |    123 |    221 |   3363 |   5 |  848.8 |
       Dungeon |   4244 |   4121 |    123 |    221 |   3363 |   5 |  848.8 |
               +--------+--------+--------+--------+--------+-----+--------+

Top non-repeatable levels by time:
     D:2: 1394 daAuts
     D:1: 1231 daAuts
     D:3: 801 daAuts
     D:4: 747 daAuts
     D:5: 68 daAuts
